 Dungeon Crawl Stone Soup version 0.20.0-15-g7f486f2 (webtiles) character file.

11 Gorglomux the Gusty (level 2, 0/17 HPs)
             Began as a Gargoyle Air Elementalist on June 11, 2017.
             Slain by Natasha (7 damage)
             ... on level 2 of the Dungeon.
             The game lasted 00:01:01 (1040 turns).

Gorglomux the Gusty (Gargoyle Air Elementalist)     Turns: 1040, Time: 00:01:02

Health: 0/17       AC:  5    Str: 11    XL:     2   Next: 25%
Magic:  0/5        EV: 12    Int: 15    God:
Gold:   55         SH:  0    Dex: 10    Spells: 4/5 levels left

rFire    . . .     SeeInvis .   E - +0 club (curse)
rCold    . . .     Gourm    .   (no shield)
rNeg     + . .     Faith    .   a - +0 robe
rPois    ∞         Spirit   .   D - +0 helmet
rElec    +         Reflect  .   G - scarf {cloud immunity}
rCorr    .         Harm     .   (no gloves)
MR       .....                  (no boots)
Stlth    ++........             (no amulet)
Regen    0.1/turn               (no ring)
MPRegen  0.1/turn               (no ring)

@: no status effects
A: negative energy resistance 1, electricity resistance, unbreathing,
petrification resistance, rot immunity, AC +2
a: no special abilities


You were on level 2 of the Dungeon.
You were hungry.

You visited 1 branch of the dungeon, and saw 2 of its levels.

You collected 55 gold pieces.

Inventory:

Hand Weapons
 E - a cursed +0 club (weapon)
Armour
 a - a +0 robe (worn)
 D - a +0 helmet (worn)
 G - a scarf of cloud immunity (worn)
Scrolls
 d - 2 scrolls of identify {unknown}
 f - a scroll of recharging {unknown}
 g - 2 scrolls of remove curse {unknown}
 B - a scroll of fear {unknown}
 C - a scroll of amnesia {unknown}
Potions
 e - 2 potions of heal wounds {unknown}
 h - a potion of berserk rage {unknown}
 i - a potion of agility {unknown}
 A - a potion of flight {unknown}
 F - a potion of curing {unknown}
Books
 b - a book of Air

   Spells                             Type                      Level
   a - Shock                          Conjuration/Air              1
   b - Swiftness                      Charms/Air                   2
   c - Static Discharge               Conjuration/Air              3
   d - Airstrike                      Air                          4
   e - Lightning Bolt                 Conjuration/Air              5
Comestibles
 c - a bread ration
 z - a meat ration
 H - 3 chunks of flesh


   Skills:
 + Level 1.6 Fighting
 + Level 0.0 Maces & Flails
 + Level 0.7 Armour
 - Level 1.5 Dodging
 - Level 2.1 Stealth
 - Level 2.0 Spellcasting
 - Level 1.1 Conjurations
 - Level 2.4 Air Magic


You had 4 spell levels left.
You knew the following spells:

 Your Spells              Type           Power        Failure   Level  Hunger
a - Shock                 Conj/Air       #...         11%         1    #......


Dungeon Overview and Level Annotations

Branches:
Dungeon (2/15)

Altars:
Sif Muna

Annotations:
D:2 Natasha


Innate Abilities, Weirdness & Mutations

You are resistant to torment.
Your stone body is resilient. (AC +2)
You are immune to poison.
You resist negative energy. (rN+)
You are resistant to electric shocks. (rElec)
You can survive without breathing.
You are immune to petrification.
You are immune to rotting.


Message History

Casting: Shock
Confirm with . or Enter, or press ? or * to list all spells.
You don't have enough magic to cast that spell.
Unknown command.
Casting: Shock
Confirm with . or Enter, or press ? or * to list all spells.
You don't have enough magic to cast that spell.
Unknown command.
You hit Natasha but do no damage.
Natasha is severely wounded.
Natasha misses you.
You miss Natasha.
Natasha is severely wounded.
Natasha casts a spell.
Natasha stares at you and mumbles some strange words.
The magic dart hits you!
You hit Natasha but do no damage.
Natasha is severely wounded.
Natasha claws you!
You die...

## ..
..##.#############
.....)...h.55...5#
..##.###########h#
# ###########@#
............#
########)...#
#.##.# #.##.#
#.##.# #.##.#
#.##.# #.##.#


You could see Natasha and a white imp.

Vanquished Creatures
  A giant cockroach (D:1)
  3 goblins
  A kobold (D:1)
  3 bats (D:1)
  2 rats (D:1)
10 creatures vanquished.

Notes
Turn   | Place    | Note
-------+----------+-------------------------------------------
     0 | D:1      | Gorglomux the Gargoyle Air Elementalist began the quest for the Orb.
     0 | D:1      | Reached XP level 1. HP: 10/10 MP: 3/3
   602 | D:1      | Found a deep blue altar of Sif Muna.
   861 | D:1      | Reached skill level 1 in Fighting
   868 | D:1      | Reached XP level 2. HP: 13/16 MP: 1/5
  1004 | D:2      | Noticed Natasha
  1007 | D:2      | Noticed a crimson imp
  1040 | D:2      | Slain by Natasha

Skill      XL: |  1 |
---------------+----+-----
Fighting       | 1 |  1.6
Armour         | |  0.7
Dodging        | |  1.5
Stealth        | |  2.1
Spellcasting   | |  2.0
Conjurations   | |  1.1
Air Magic      | |  2.4

Action                   || total
-------------------------++-------
Melee: Club              ||    28
 Cast: Shock             ||    14
Armor: Robe              ||    18
Dodge: Dodged            ||    35
